 Dungeon Crawl Stone Soup version 0.23-a0-550-g7de1f8ee9f (webtiles) character file.

336 MirrMurr the Chucker (level 6, -3/61 HPs)
             Began as a Troll Hunter on Dec 8, 2018.
             Slain by an orc
             ... wielding a +0 flail
              (11 damage)
             ... on level 5 of the Dungeon.
             The game lasted 00:05:29 (2803 turns).

MirrMurr the Chucker (Troll Hunter)                 Turns: 2803, Time: 00:05:29

Health: -3/61      AC:  1    Str: 21    XL:     6   Next: 28%
Magic:  5/5        EV: 10    Int:  9    God:
Gold:   160        SH:  0    Dex: 10    Spells: 5/5 levels left

rFire    . . .     SeeInvis .   (no weapon)
rCold    . . .     Gourm    +   (no shield)
rNeg     . . .     Faith    .   l - +0 robe (curse)
rPois    .         Spirit   .   (helmet restricted)
rElec    .         Reflect  .   (no cloak)
rCorr    .         Harm     .   (gloves unavailable)
MR       .....                  (boots unavailable)
Stlth    ++........             (no amulet)
HPRegen  0.60/turn              (no ring)
MPRegen  0.09/turn              (no ring)

@: corroded
A: large, unfitting armour, claws 3, fast metabolism 3, gourmand, regeneration
1, shaggy fur 1, tough skin 2
a: no special abilities


You were on level 5 of the Dungeon.
You were not hungry.

You visited 1 branch of the dungeon, and saw 5 of its levels.

You collected 160 gold pieces.

Inventory:

Hand Weapons
 g - a +0 hunting sling
 k - a +0 hunting sling
Missiles
 a - 27 sling bullets
 e - 24 poisoned needles
 f - 5 large rocks {!f}
 j - 137 stones (quivered)
Armour
 l - a cursed +0 robe (worn)
Scrolls
 d - a scroll of teleportation {unknown}
 m - a scroll of blinking
 n - a scroll of magic mapping {unknown}
 o - a scroll of remove curse {unknown}
 s - a scroll of identify
Potions
 b - 5 potions of mutation
 h - a potion of haste
 i - 2 potions of curing
 p - a potion of heal wounds {unknown}
 q - 2 potions of agility
 r - a potion of lignification {unknown}
Comestibles
 c - 17 rations


   Skills:
 + Level 3.0 Fighting
 + Level 4.6 Throwing
 + Level 3.0 Dodging
 + Level 1.8 Stealth


You had 5 spell levels left.
You didn't know any spells.
Your spell library was empty.

Dungeon Overview and Level Annotations

Branches:
Dungeon (5/15)
 Temple: D:4-7

Altars:
Kikubaaqudgha


Innate Abilities, Weirdness & Mutations

You are too large for most types of armour.
You have claws for hands.
Your metabolism is lightning-fast.
You like to eat raw meat.
Your natural rate of healing is unusually fast.
You are covered in fur. (AC +1)
You have very tough skin. (AC +2)


Message History

The orc barely misses you. The jelly hits you.
You are splashed with acid!
The acid burns!
The orc closely misses you. The orc misses you.
You claw the jelly! The acid corrodes you!
Your claws burn!
The jelly is almost dead.
The orc closely misses you. The jelly hits you.
You are splashed with acid!
The acid burns!
The orc hits you with a +0 short sword.
Unknown command.
You closely miss the orc. The orc hits you with a +0 flail!
The orc hits you with a +0 hand axe!
* * * LOW HITPOINT WARNING * * *
The jelly hits you.
* * * LOW HITPOINT WARNING * * *
You are splashed with acid!
The acid burns!
* * * LOW HITPOINT WARNING * * *
The orc barely misses you. The orc hits you with a +0 hand axe.
* * * LOW HITPOINT WARNING * * *
Found a scroll labeled DYCVIA DEUMU.
The orc hits you with a +0 flail!
You die...

....... .#...#..
.......##..#...
...(......#..# #
........?....## ..
.........#)$..#...
..........).......
......ooJ.........
######.o...._....
#@#........#
#...........
#.#.......##
#.##.#....#
#.##.#....#
#.##...####
#.......#
#....##.# #<...#
p.


You could see a jelly and 3 orcs.

Vanquished Creatures
  Menkaure (D:4)
  A scorpion (D:4)
  A hound (D:4)
  Terence (D:2)
  2 adders
  A worm (D:2)
  4 dart slugs
  4 leopard geckos
  4 orcs
  2 ball pythons
  8 bats
  5 giant cockroaches
  6 goblins (D:1)
  5 hobgoblins
  11 jackals
  4 quokkas
  3 frilled lizards
  A jackal zombie (D:3)
  4 kobolds
  3 rats
71 creatures vanquished.

Notes
Turn   | Place    | Note
-------+----------+-------------------------------------------
     0 | D:1      | MirrMurr the Troll Hunter began the quest for the Orb.
     0 | D:1      | Reached XP level 1. HP: 19/19 MP: 0/0
    81 | D:1      | Reached XP level 2. HP: 26/28 MP: 1/1
   290 | D:1      | Reached XP level 3. HP: 31/35 MP: 2/2
   411 | D:1      | Reached skill level 1 in Stealth
   531 | D:1      | Reached skill level 4 in Throwing
   566 | D:2      | Noticed Terence
   780 | D:2      | Killed Terence
   780 | D:2      | Reached XP level 4. HP: 19/42 MP: 3/3
  1994 | D:4      | Reached XP level 5. HP: 48/50 MP: 4/4
  2453 | D:4      | Noticed Menkaure
  2461 | D:4      | Killed Menkaure
  2461 | D:4      | Reached XP level 6. HP: 61/61 MP: 5/5
  2770 | D:5      | Entered Level 5 of the Dungeon
  2786 | D:5      | Found an ancient bone altar of Kikubaaqudgha.
  2787 | D:5      | Noticed a slave
  2803 | D:5      | Slain by an orc

Vault maps used:
D:1:      onia_arrival_mini_spirals
D:2:      uniq_terence
D:4:      uniq_menkaure
D:5:      basic_altar, first_ration, gammafunk_ghost_smash,
          hangedman_abyss_or_decor_stabs, uniq_pikel

Skill      XL: |  1  2  3  4  5 |
---------------+----------------+-----
Fighting       | 2 3 |  3.0
Dodging        | 2 3 |  3.0
Stealth        | 1 |  1.8
Throwing       | 4 |  4.6

Action                   |  1- 3 |  4- 6 || total
-------------------------+-------+-------++-------
Melee: Unarmed           |   140 |   127 ||   267
Throw: Throwing net      |     1 |     1 ||     2
       Stone             |       |     1 ||     1
  Use: Scroll            |       |     8 ||     8
 Stab: Sleeping          |       |     2 ||     2
  Eat: Chunk             |    13 |    13 ||    26
Armor: Robe              |    54 |    29 ||    83
Dodge: Dodged            |    83 |    62 ||   145

Table legend:
 A = Non-vault XP
 B = Vault XP
 C = Vault XP percentage of total XP
 D = Non-vault monster count
 E = Vault monster count
 F = Vault count percentage of total count
                 A         B        C        D         E       F
            +---------+---------+-------+---------+---------+-------
      Total |     273 |     208 |  43.2 |      69 |       2 |   2.8
            +---------+---------+-------+---------+---------+-------
        D:1 |      71 |       0 |   0.0 |      36 |       0 |   0.0
        D:2 |      21 |      36 |  63.2 |       4 |       1 |  20.0
        D:3 |      43 |       0 |   0.0 |      16 |       0 |   0.0
        D:4 |     132 |     172 |  56.6 |      11 |       1 |   8.3
        D:5 |       6 |       0 |   0.0 |       2 |       0 |   0.0
            +---------+---------+-------+---------+---------+-------
